 Dungeon Crawl Stone Soup version 0.17.0-26-gececa24 (webtiles) character file.

22561 Gorice the Cruncher (level 12, -3/89 HPs)
             Began as a Demonspawn Wanderer on Nov 20, 2015.
             Was a High Priest of Okawaru.
             Slain by a komodo dragon (16 damage)
             ... on level 5 of the Lair of Beasts.
             The game lasted 01:25:04 (21898 turns).

Gorice the Cruncher (Demonspawn Wanderer)          Turns: 21898, Time: 01:25:04

Health: -3/89      AC: 43    Str: 22    XL:     12   Next: 64%
Magic:  15/17      EV: 11    Int: 13    God:    Okawaru [*****.]
Gold:   315        SH:  0    Dex: 20    Spells: 0 memorised, 11 levels left

rFire  + . .     SeeInvis .     a - +0 quarterstaff
rCold  + + .     Clarity  .     P - +10 plate armour of Ogaury {Str+6 Dex+5}
rNeg   . . .     SustAt   .     (shield currently unavailable)
rPois  +         Gourm    .     y - +0 helmet
rElec  .         Spirit   .     t - +0 cloak
rCorr  .         Warding  .     e - +2 pair of gloves
rMut   +         Stasis   .     (boots unavailable)
MR     .....                    l - amulet "Poucaucs" {rMut +Fly rF+ rC++ Stlth-}
Stlth  ..........               Q - +3 ring of protection
                                A - +2 ring of protection

@: heroism, not resistant to hostile enchantments, extremely unstealthy
A: talons 3, slimy green scales 3, nightstalker 1, rot immunity
a: Heroism, Finesse, Renounce Religion, Evoke Flight


You were on level 5 of the Lair of Beasts.
You worshipped Okawaru.
Okawaru was extremely pleased with you.
You were very hungry.

You visited 4 branches of the dungeon, and saw 18 of its levels.

You collected 1976 gold pieces.
You spent 1661 gold pieces at shops.

Inventory:

Hand Weapons
 a - a +0 quarterstaff (weapon)
 v - a +2 dagger of venom
   (You took it off an orc wizard on level 1 of the Orcish Mines)
Missiles
 J - 48 tomahawks (quivered)
 Z - 411 stones
Armour
 e - a +2 pair of gloves (worn)
 o - a +4 chain mail
 t - a +0 cloak (worn)
 y - a +0 helmet (worn)
 P - the +10 plate armour of Ogaury (worn) {Str+6 Dex+5}
   (You bought it in a shop on level 9 of the Dungeon)

   It affects your strength (+6).
   It affects your dexterity (+5).
Jewellery
 l - the amulet "Poucaucs" (around neck) {rMut +Fly rF+ rC++ Stlth-}
   (You found it on level 9 of the Dungeon)

   [amulet of resist mutation]

   It protects you from mutation.
   It protects you from fire.
   It greatly protects you from cold.
   It lets you fly.
   It makes you less stealthy.
 n - an uncursed ring of fire
 u - an uncursed amulet of clarity
 A - a +2 ring of protection (left hand)
 I - an uncursed ring of protection from cold
 K - an uncursed ring of sustain attributes
 N - an uncursed ring of flight
 Q - a +3 ring of protection (right hand)
Wands
 k - a wand of fire (9)
 m - a wand of lightning (7)
 z - a wand of fire (2)
 B - a wand of lightning (6)
 H - a wand of confusion (26)
Scrolls
 d - 2 scrolls of blinking
 g - 4 scrolls of magic mapping {!r}
 h - 4 scrolls of identify
 i - 9 scrolls of remove curse
 q - 2 scrolls of fog
 r - a scroll of teleportation {!r}
 D - a scroll of fear {!r}
Potions
 b - 4 potions of heal wounds {!q}
 c - 5 potions of curing
 j - a potion of resistance {!q}
 p - a potion of haste {!q}
 x - 2 potions of berserk rage
 C - a potion of might {!q}
 F - a potion of lignification {!q}
 M - a potion of agility {!q}
 O - 4 potions of cancellation {!q}
Comestibles
 f - 6 bread rations {!e}
 s - a slice of pizza
 V - 26 fruits


   Skills:
 - Level 6.8(11.8) Fighting
 - Level 14.0(19.0) Staves
 - Level 1.0(6.0) Throwing
 * Level 11.0(16.0) Armour
 - Level 1.0(6.0) Dodging
   Level 1.0(6.0) Shields
 - Level 1.7(6.7) Unarmed Combat
 + Level 7.0 Invocations


You had 11 spell levels left.
You didn't know any spells.

Dungeon Overview and Level Annotations

Branches:
Dungeon (9/15)             Temple (1/1) D:5            Lair (5/8) D:8
  Snake (0/4) Lair:5          Orc (3/4) D:9             Elf (0/3) Orc:3
  Swamp: Lair:3-6    Shoals: Lair:3-6

Altars:
Ashenzari
Cheibriados
Dithmenos
Elyvilon
Fedhas
Gozag
Kikubaaqudgha
Makhleb
Nemelex Xobeh
Okawaru
Qazlal
Ru
Sif Muna
Trog
Vehumet
Xom
Yredelemnul
Zin
The Shining One
Beogh

Shops:
D:5 !   D:9 [   Orc:3 }

Annotations:
D:3 vpUX: Yiuf's house, Crazy Yiuf
Orc:1 missing 1d
Orc:3 X but stone giant!


Innate Abilities, Weirdness & Mutations

You have claws for feet.
You are completely covered in slimy green scales (AC +4, rPois).
You are slightly more attuned to the shadows.
You are immune to rotting.


Message History

The komodo dragon bites you but does no damage.
You hit the komodo dragon but do no damage.
Your kick misses the komodo dragon.
The komodo dragon is lightly wounded.
The komodo dragon bites you!
Damage: 8 (max 8)
You hit the komodo dragon.
The komodo dragon is moderately wounded.
You hit the komodo dragon but do no damage.
You claw the komodo dragon.
The komodo dragon is moderately wounded.
The komodo dragon bites you!
Damage: 16 (max 16)
You hit the komodo dragon but do no damage.
You claw the komodo dragon, but do no damage.
The komodo dragon is moderately wounded.
You hit the komodo dragon. Your kick misses the komodo dragon.
The komodo dragon is heavily wounded.
The komodo dragon hisses menacingly.
The komodo dragon bites you!
Damage: 17 (max 17)
You closely miss the komodo dragon. Your kick misses the komodo dragon.
The komodo dragon is heavily wounded.
The komodo dragon bites you!
Damage: 15 (max 17)
You sock the komodo dragon! You claw the komodo dragon.
The komodo dragon is severely wounded.
You thump the komodo dragon! Your kick misses the komodo dragon.
The komodo dragon is almost dead.
The komodo dragon bites you.
Damage: 6 (max 17)
You barely miss the komodo dragon.
You claw the komodo dragon, but do no damage.
The komodo dragon is almost dead.
You closely miss the komodo dragon.
You claw the komodo dragon, but do no damage.
The komodo dragon is almost dead.
The komodo dragon hisses menacingly.
The komodo dragon bites you!!
* * * LOW HITPOINT WARNING * * *
Damage: 20 (max 20) Drink which item? (? for menu, Esc to quit)
You feel better.
The komodo dragon bites you but does no damage.
You gain the combat prowess of a mighty hero.
You feel slightly more hungry. The komodo dragon barely misses you.
You hit the komodo dragon.
The komodo dragon is almost dead.
The komodo dragon bites you!
You die...

###..........
##............
#...............## P.
##................##..
#...................##..
#.......................
##..................#..
#...................#
#...........@l....P#
#..................###
##...................#
#.................PP#
##................####
#.................#
###..............##
##P...........##
##..#...##.###


You could see a komodo dragon.

Vanquished Creatures
  A hydra (Lair:1)
  5 death yaks
  Pikel (D:7)
  A hill giant (D:8)
  An orc sorcerer (Orc:2)
  A griffon (Lair:4)
  2 black mambas
  An elephant (D:8)
  4 spiny frogs
  7 komodo dragons
  A troll (Orc:2)
  3 two-headed ogres
  A deep elf mage (D:9)
  2 wyverns
  A shadow (D:8)
  Eustachio (D:6)
  3 basilisks
  2 hippogriffs (Lair:3)
  9 yaks
  2 wargs
  3 wolves (Lair:1)
  4 porcupines
  3 nagas (Lair:5)
  7 water moccasins
  The ghost of homeworkjunkie the Covert, an amateur SpAs (D:4)
  11 orc warriors
  4 centaurs
  A phantom (D:8)
  2 ice beasts (D:9)
  A big kobold (D:8)
  5 crocodiles
  5 ogres
  14 giant frogs
  4 killer bees
  A water moccasin skeleton (D:7)
  2 scorpions
  2 electric eels (Lair:2)
  9 wights
  A centaur zombie (D:8)
  2 jellies
  3 crimson imps
  2 centaur skeletons (D:4)
  20 orc wizards
  2 giant frog skeletons
  18 orc priests
  8 hounds
  Terence (D:3)
  11 iguanas
  7 sheep
  6 worker ants
  A hound skeleton (D:5)
  Robin (D:3)
  17 adders
  54 river rats
  6 gnolls
  A shadow imp (D:8)
  An adder zombie (D:5)
  4 adder skeletons
  2 worms
  126 orcs
  8 giant cockroaches
  16 hobgoblins
  6 jackals
  2 quokkas
  3 ball pythons
  6 bats
  6 giant geckos
  6 giant newts
  16 goblins
  A jackal zombie (D:5)
  7 kobolds
  9 rats
508 creatures vanquished.

Vanquished Creatures (others)
  A hungry ghost (D:7)
  A centaur (D:7)
  A hound (D:7)
  2 orcs (D:7)
  2 fungi (D:3)
7 creatures vanquished.

Grand Total: 515 creatures vanquished

Notes
Turn   | Place    | Note
--------------------------------------------------------------
     0 | D:1      | Gorice the Demonspawn Wanderer began the quest for the Orb.
     0 | D:1      | Gorice set off with: a scroll of blinking, a potion of heal wounds {!q}, a potion of curing, a +0 quarterstaff, a +0 robe, a bread ration {!e}
     0 | D:1      | Reached XP level 1. HP: 18/18 MP: 1/1
   274 | D:1      | Reached skill level 2 in Staves
   460 | D:1      | Gained mutation: You are partially covered in slimy green scales (AC +2). [demonic ancestry]
   460 | D:1      | Reached XP level 2. HP: 24/24 MP: 2/2
  1037 | D:2      | Reached XP level 3. HP: 18/29 MP: 3/3
  1056 | D:2      | Found an iron altar of Okawaru.
  1075 | D:2      | Became a worshipper of Warmaster Okawaru
  1079 | D:2      | Found an opulent altar of Gozag.
  1116 | D:2      | Reached skill level 3 in Staves
  1187 | D:2      | Found a stormy altar of Qazlal.
  1478 | D:2      | Found a glowing golden altar of the Shining One.
  1619 | D:2      | Gained mutation: You are immune to rotting. [demonic ancestry]
  1619 | D:2      | Reached XP level 4. HP: 28/37 MP: 4/4
  2210 | D:3      | Reached skill level 4 in Fighting
  2558 | D:3      | Noticed Terence
  2572 | D:3      | Killed Terence
  2572 | D:3      | Reached skill level 4 in Staves
  2572 | D:3      | Reached XP level 5. HP: 36/42 MP: 5/5
  2791 | D:3      | Noticed Robin
  2845 | D:3      | Killed Robin
  3128 | D:3      | Gained mutation: You have sharp toenails. [demonic ancestry]
  3128 | D:3      | Reached XP level 6. HP: 19/49 MP: 6/6
  3152 | D:3      | HP: 14/49 [poisoned by a worker ant]
  3370 | D:3      | Noticed Crazy Yiuf
  3391 | D:4      | Reached * piety under Okawaru
  3391 | D:4      | Reached skill level 5 in Staves
  3413 | D:4      | Found a basalt altar of Yredelemnul.
  3605 | D:4      | Noticed homeworkjunkie's ghost (amateur SpAs)
  3637 | D:4      | Killed homeworkjunkie's ghost
  3637 | D:4      | Reached skill level 5 in Fighting
  3653 | D:4      | Noticed a centaur
  3668 | D:4      | Killed a centaur
  3668 | D:4      | Gained mutation: You have razor-sharp toenails. [demonic ancestry]
  3668 | D:4      | Reached XP level 7. HP: 38/56 MP: 7/7
  3699 | D:4      | Reached skill level 6 in Staves
  3866 | D:4      | Found a shimmering altar of Xom.
  3875 | D:4      | Reached ** piety under Okawaru
  5023 | D:5      | Entered Level 5 of the Dungeon
  5033 | D:5      | Reached skill level 7 in Staves
  5110 | D:5      | Found Woletuamo's Distillery.
  5119 | D:5      | Bought a potion of resistance for 110 gold pieces
  5119 | D:5      | Bought a potion of degeneration for 11 gold pieces
  5488 | D:4      | Reached skill level 6 in Fighting
  5488 | D:4      | Reached XP level 8. HP: 27/64 MP: 5/8
  5662 | D:5      | Found a staircase to the Ecumenical Temple.
  5693 | Temple   | Entered the Ecumenical Temple
  6475 | D:6      | Reached skill level 8 in Staves
  6511 | D:6      | Noticed Eustachio
  6595 | D:6      | HP: 19/65 [acid (5)]
  6891 | D:6      | Killed Eustachio
  6938 | D:6      | HP: 11/65 [orc priest/divine providence (15)]
  6955 | D:6      | HP: 19/65 [orc priest/divine providence (15)]
  7328 | D:6      | Found a white marble altar of Elyvilon.
  7408 | D:6      | Reached skill level 1 in Armour
  7759 | D:6      | Reached skill level 9 in Staves
  7854 | D:5      | Bought 2 potions of heal wounds for 110 gold pieces
  8188 | D:7      | Reached skill level 2 in Armour
  8188 | D:7      | Gained mutation: You are mostly covered in slimy green scales (AC +3). [demonic ancestry]
  8188 | D:7      | Reached XP level 9. HP: 67/71 MP: 9/9
  8395 | D:7      | Noticed Pikel
  8422 | D:7      | Killed Pikel
  8422 | D:7      | Reached *** piety under Okawaru
  8422 | D:7      | Reached skill level 3 in Armour
  8728 | D:8      | Noticed a hill giant
  8741 | D:7      | Reached skill level 10 in Staves
  8796 | D:8      | Found a staircase to the Lair.
  8796 | D:8      | Noticed an elephant
  9013 | D:8      | Reached skill level 4 in Armour
  9111 | D:8      | Killed a hill giant
  9111 | D:8      | Reached **** piety under Okawaru
  9176 | D:8      | HP: 17/71 [elephant (9)]
  9189 | D:8      | HP: 18/71 [elephant (6)]
  9206 | D:8      | HP: 21/71 [elephant (1)]
  9502 | D:8      | Gained mutation: You are completely covered in slimy green scales (AC +4, rPois). [demonic ancestry]
  9502 | D:8      | Reached XP level 10. HP: 52/77 MP: 10/10
  9550 | D:8      | Reached skill level 11 in Staves
  9924 | D:8      | Killed an elephant
  9924 | D:8      | Reached skill level 5 in Armour
 10046 | Lair:1   | Entered Level 1 of the Lair of Beasts
 10127 | Lair:1   | HP: 23/77 [wolf (8)]
 10487 | Lair:1   | Noticed a seven-headed hydra
 10667 | D:8      | Got a scorched falchion
 10675 | D:8      | Identified the +6 falchion "Zyqer" {slice, rPois rF- Int+2 Dex-3} (You found it on level 8 of the Dungeon)
 10812 | D:8      | Reached ***** piety under Okawaru
 11205 | D:9      | Got a coiled amethyst amulet
 11208 | D:9      | Identified the amulet "Poucaucs" {rMut +Fly rF+ rC++ Stlth-} (You found it on level 9 of the Dungeon)
 11209 | D:9      | --Nice!
 11320 | D:9      | Reached skill level 6 in Armour
 11343 | D:9      | Reached skill level 12 in Staves
 11398 | D:9      | Got a brightly glowing long sword {slice}
 11508 | D:9      | Identified the cursed +3 long sword of Uncomfortable Rashes {slice, MR++} (You took it off an orc priest on level 9 of the Dungeon)
 11674 | D:8      | Received a gift from Okawaru
 11676 | D:8      | --lge shield when my only wpn skill is 2 handed - cheers a bunch Oka!
 12023 | D:9      | HP: 23/77 [centaur (5)]
 12599 | D:9      | Found Azaos's Armour Emporium.
 12600 | D:9      | Found a staircase to the Orcish Mines.
 12614 | D:9      | Gained mutation: You are slightly more attuned to the shadows. [demonic ancestry]
 12614 | D:9      | Reached XP level 11. HP: 81/83 MP: 11/11
 12777 | D:9      | Found a bloodstained altar of Trog.
 12941 | Orc:1    | Entered Level 1 of the Orcish Mines
 13306 | Orc:1    | HP: 20/83 [orc warrior/glaive (12)]
 13314 | Orc:1    | HP: 14/83 [orc warrior/tomahawk (8)]
 14174 | Orc:3    | Found Hodyahat's Gadget Shoppe.
 14417 | Orc:3    | Found a staircase to the Elven Halls.
 14479 | Orc:3    | Noticed a stone giant
 14480 | Orc:3    | HP: 24/83 [stone giant/large rock (25)]
 14481 | Orc:3    | HP: 3/83 [stone giant/large rock (21)]
 14875 | Orc:2    | Reached skill level 7 in Armour
 15101 | Orc:2    | Reached skill level 13 in Staves
 15195 | Orc:2    | Found a roughly hewn altar of Beogh.
 15300 | Orc:2    | Found a roughly hewn altar of Beogh.
 15837 | D:9      | Bought the +10 plate armour of Ogaury {Str+6 Dex+5} for 1430 gold pieces
 16052 | Lair:1   | Killed a seven-headed hydra
 16108 | Lair:1   | Noticed a black mamba
 16120 | Lair:1   | Killed a black mamba
 17197 | Lair:2   | Reached skill level 8 in Armour
 17479 | Lair:2   | Reached skill level 14 in Staves
 17661 | Lair:2   | Reached skill level 1 in Invocations
 17673 | Lair:2   | HP: 24/83 [poisoned by a black mamba]
 17678 | Lair:2   | HP: 20/83 [poisoned by a black mamba]
 17683 | Lair:2   | HP: 18/83 [poisoned by a black mamba]
 17689 | Lair:2   | HP: 16/83 [poisoned by a black mamba]
 17695 | Lair:2   | HP: 15/83 [poisoned by a black mamba]
 17703 | Lair:2   | HP: 15/83 [poisoned by a black mamba]
 18627 | Lair:3   | Reached skill level 2 in Invocations
 18752 | Lair:3   | Received a gift from Okawaru
 18864 | Lair:3   | Reached skill level 9 in Armour
 18868 | Lair:3   | Gained mutation: You have claws for feet. [demonic ancestry]
 18868 | Lair:3   | Reached XP level 12. HP: 80/89 MP: 14/14
 19089 | Lair:3   | Reached skill level 3 in Invocations
 19685 | Lair:3   | Reached skill level 4 in Invocations
 19738 | Lair:2   | HP: 9/89 [death yak (19)]
 19762 | Lair:2   | HP: 12/89 [death yak (19)]
 19831 | Lair:2   | HP: 16/89 [death yak (12)]
 19837 | Lair:2   | HP: 8/89 [death yak (9)]
 19842 | Lair:2   | Reached skill level 5 in Invocations
 20295 | Lair:4   | Reached skill level 10 in Armour
 20329 | Lair:4   | HP: 26/89 [griffon (9)]
 20675 | Lair:3   | Received a gift from Okawaru
 20730 | Lair:4   | Reached skill level 6 in Invocations
 21340 | Lair:5   | Found a staircase to the Snake Pit.
 21492 | Lair:5   | Reached skill level 11 in Armour
 21642 | Lair:5   | Reached skill level 7 in Invocations
 21893 | Lair:5   | HP: 7/89 [komodo dragon (20)]
 21898 | Lair:5   | Slain by a komodo dragon

Action                   |  1- 3 |  4- 6 |  7- 9 | 10-12 || total
-------------------------+-------+-------+-------+-------++-------
Melee: Quarterstaff      |   123 |   268 |   596 |  1700 ||  2687
       Long sword        |       |       |       |     8 ||     8
Throw: Tomahawk          |       |     2 |     9 |    25 ||    36
       Stone             |       |       |     8 |     2 ||    10
Invok: Heroism           |       |       |     8 |     8 ||    16
Evoke: Wand              |       |       |     3 |       ||     3
  Use: Scroll            |     5 |     7 |     8 |    10 ||    30
       Potion            |       |       |     2 |     3 ||     5
 Stab: Sleeping          |       |     1 |       |       ||     1
  Eat: Chunk             |     2 |     7 |    18 |    33 ||    60
       Pizza             |       |       |     1 |       ||     1
       Beef jerky        |       |       |       |     3 ||     3
       Royal jelly       |       |       |       |     1 ||     1
       Fruit             |       |       |       |     1 ||     1

Table legend:
 A = Turns spent in this place as a percentage of turns spent in the entire game.
 B = Non-inter-level travel turns spent in this place as a percentage of non-inter-level travel turns spent in the entire game.
 C = Inter-level travel turns spent in this place as a percentage of turns spent in this place.
 D = Turns resting spent in this place as a percentage of non-inter-level travel turns spent in this place.
 E = Turns spent auto-exploring this place as a percentage of non-inter-level travel turns spent in this place.
 F = Non-inter-level travel turns spent in this place divided by the number of levels of this place that you've seen.
                   A       B       C       D       E      F
               +-------+-------+-------+-------+-------+----------------------
         Total | 100.0 | 100.0 |   0.7 |   1.5 |   3.8 | 460.2
       Dungeon |  59.4 |  59.5 |   0.4 |   1.6 |   3.5 | 548.1
        Temple |   0.1 |   0.1 |   9.1 |   0.0 |  90.0 |  10.0
          Lair |  24.7 |  24.6 |   0.9 |   1.3 |   4.6 | 408.2
  Orcish Mines |  15.8 |  15.7 |   1.1 |   1.2 |   2.6 | 433.3
               +-------+-------+-------+-------+-------+----------------------

Vault maps used:
D:1:      nicolae_arrival_somewhat_less_tricky_arrival, minmay_quantized
D:2:      kennysheep_big_flooded_room, grunt_qazlal_sundering,
          lemuel_crystal_altar, overflow_temple_1_default, lemuel_round_altar,
          serial_forest, infiniplex_forest_lined_ring,
          infiniplex_forest_zigzag_1, infiniplex_forest_clump_medium,
          infiniplex_forest_side_room, infiniplex_forest_lined_3_way,
          infiniplex_forest_clump_diagonal, infiniplex_forest_lined_2,
          infiniplex_forest_corner_1, infiniplex_forest_corner_2
D:3:      first_bread, uniq_robin, uniq_terence, uniq_crazy_yiuf_cottage
D:4:      yredelemnul_altar_generic, st_stairs_3,
          hangedman_abyss_or_decor_jellyfish_corner, xom_teletrap_fun
D:5:      kennysheep_six_static_rooms, minmay_temple_entry_glass, serial_shops,
          nicolae_shop_statue_plus, st_stairs_9, minmay_misc_feat_doors,
          kennysheep_crisscross, roderic_roman_lattice
D:6:      elyvilon_altar_3, corner_web_ring, kennysheep_generic_room_8,
          uniq_eustachio
D:7:      uniq_pikel
D:8:      david_lair_generic, enter_bailey_2, minmay_misc_feat_more_columns,
          blue_anna_alchemist
D:9:      kennysheep_little_box, orc_david_3
Temple:   circular_temple_12
Lair:2:   cheibrodos_lair_reptile_den, serial_bayou_shore_a,
          infiniplex_staircase_pool
Lair:5:   dragon1_lemuel, guppyfry_snake_entry_island,
          eino_small_chamber_without_monster, beast_lair_carwin_8
Orc:2:    hangedman_feature_mirror
Orc:3:    serial_shops, shop_statue, nicolae_orc_pool_cavern
